 Dungeon Crawl Stone Soup version 0.32-a0-834-geaf45d8e21 (webtiles) character file.

Game seed: 10787648957257066589

2461 wilfster70 the Knight (level 9, 0/66 HPs)
             Began as a Djinni Conjurer on Mar 25, 2024.
             Was a Priest of Okawaru.
             Shot with a bolt by an orc warrior (14 damage)
             ... in a bailey.
             The game lasted 00:20:58 (6903 turns).

wilfster70 the Knight (Djinni Conjurer)             Turns: 6903, Time: 00:20:59

Health: 0/66       AC:  7    Str:  6    XL:     9   Next: 79%
Gold:   289        EV: 11    Int: 25    God:    Okawaru [***...] SH:  0 Dex: 11

rFire   + + +        b - +4 trident (spect)
rCold   x . .        (no shield)
rNeg    . . .        C - +0 robe
rPois   ∞            (no helmet)
rElec   .            k - +0 cloak
rCorr   .            (no gloves)
SInv    .            (boots unavailable)
Will    .....        B - amulet of regeneration
Stlth   ++           u - +4 ring of protection
HPRegen 1.11/turn    A - ring of protection from fire
MPRegen 0.00/turn

%: infuse magic (-1 HP)
@: flying
A: sickness immunity, fire resistance 2, cold vulnerability 1, float, innate
caster, HP casting, extra vitality 1
a: Renounce Religion, Heroism


You were in a bailey.
You worshipped Okawaru.
Okawaru was most pleased with you.
You visited 1 branch of the dungeon, and saw 8 of its levels.
You also visited: Bailey.

You collected 289 gold pieces.

Inventory:

Hand Weapons
 a - a +2 mace of holy wrath
 b - a +4 spectral trident (weapon)
Missiles
 z - a throwing net
Armour
 k - a +0 cloak (worn)
 C - a +0 robe (worn)
Jewellery
 u - a +4 ring of protection (left hand)
 A - a ring of protection from fire (right hand)
 B - an amulet of regeneration (around neck)
Wands
 w - a wand of paralysis (8)
Scrolls
 c - a scroll of butterflies {unknown}
 g - 4 scrolls of teleportation
 n - 3 scrolls of blinking
 p - a scroll of fear
Potions
 e - 2 potions of heal wounds {unknown}
 h - 2 potions of invisibility {unknown}
 j - 3 potions of attraction {unknown}
 o - a potion of lignification {unknown}
 r - a potion of haste {unknown}
 s - a potion of mutation {unknown}
 v - a potion of brilliance {unknown}
 x - 2 potions of enlightenment {unknown}
 D - a potion of cancellation {unknown}


   Skills:
 - Level 6.0 Fighting
 - Level 2.1 Dodging
 - Level 1.5 Stealth
 + Level 6.8 Spellcasting
 + Level 6.8 Conjurations
 + Level 6.8 Hexes
   Level 0.0 Charms
 + Level 6.8 Summonings
 + Level 6.8 Necromancy
 + Level 6.8 Translocations
   Level 0.0 Transmutations
 + Level 6.8 Fire Magic
 + Level 6.8 Ice Magic
 + Level 6.8 Air Magic
 + Level 6.8 Earth Magic
 + Level 6.8 Alchemy
 - Level 8.0 Invocations


You knew the following spells:

 Your Spells              Type           Power      Damage    Failure   Level
a - Magic Dart            Conj           100%       1d8       1%          1
b - Searing Ray           Conj           84%        2d7       1%          2
c - Fulminant Prism       Conj/Alch      21%        3d12      4%          4
d - Iskenderun's Mystic   Conj/Tloc      42%        2d10      4%          4
e - Kiss of Death         Conj/Necr      100%       2d13      1%          1
f - Jinxbite              Hex            84%        N/A       1%          2
g - Static Discharge      Conj/Air       84%        3-7/arc   1%          2
h - Summon Blazeheart Go  Fire/Summ      42%        N/A       4%          4
Your spell library was empty.

Dungeon Overview and Level Annotations

Branches:
Dungeon (8/15)             Temple (0/1) D:6          Bailey (1/1)
   Lair: D:8-11

Altars:
Dithmenos
Hepliaklqana
Makhleb
Nemelex Xobeh
Okawaru
Qazlal
Ru
Wu Jian
Xom
Yredelemnul


Innate Abilities, Weirdness & Mutations

You are immune to sickness and miasma.
You are immune to poison.
Your flesh is very heat resistant. (rF++)
You are vulnerable to cold. (rC-)
You float through the air rather than walking.
You learn spells naturally, not from books.
Your magical power is your life essence.
You have superior vitality. (+4 MHP)


Message History

Casting: Magic Dart (safe; 1% risk of failure)
Confirm with . or Enter, or press ? or * to list all spells.
You erupt in a blast of force!
The mystic blast hits the orc.
The orc is almost dead.
The orc is knocked back by the mystic blast.
The orc violently stops moving.
You kill the orc!
Okawaru accepts your kill.
You hear a splash. x2
The mystic blast hits the orc but does no damage.
The mystic blast hits the orc!
You kill the orc!
Okawaru accepts your kill.
You hear a shout!
Casting: Iskenderun's Mystic Blast (dangerous; 4% risk of failure)
Confirm with . or Enter, or press ? or * to list all spells.
Aiming: Searing Ray (safe; 1% risk of failure)
Press: ? - help, Shift-Dir - straight line, f - orc
Aim: an orc, wearing a +0 ring mail (84% to hit)
The searing ray hits the orc.
The orc is lightly wounded. (Press . to maintain the ray.)
The orc closely misses you.
Casting: Searing Ray (safe; 1% risk of failure)
Confirm with . or Enter, or press ? or * to list all spells.
Restarting spell: Searing Ray (safe; 1% risk of failure)
Press: ? - help, Shift-Dir - straight line, f/p - orc
Aim: an orc, wearing a +0 ring mail (lightly wounded, 84% to hit)
The searing ray hits the orc!
You kill the orc!
Okawaru accepts your kill. (Press . to maintain the ray.)
The orc warrior shoots a bolt.
The bolt hits you!
The orc warrior shoots a bolt.
The bolt hits you.
The orc shoots a bolt.
The bolt barely misses you.
The orc warrior shoots a bolt.
The bolt hits you!
* * * LOW HITPOINT WARNING * * *
The orc warrior shoots a bolt.
The bolt closely misses you.
The orc warrior shoots a bolt.
The bolt hits you!
You die...

#.......o.)........
#.....~≈≈≈≈≈~~~~~~~
#.....≈≈###≈≈~~~~~~
#.....≈##.##≈~~~~~~
#.....≈#....~~~~~~~
#.....≈##.∩#≈~~~~~~
#.....≈≈#.##≈~~~~~~
#.....~≈≈o≈≈≈~~~###
#.@)).)~~~~~~~~##
#.....~~~~~~~~
#.....~~~~~~~~
#.....~~~~~~~#
#.....~~~~~~~#
#.....~~~~~~~#
#.....~~~~~~~#
#.....~~o~~~~#
#.....o~~~~~~#


You could see 2 orc warriors.

Vanquished Creatures
  A water moccasin (D:7)
  Duvessa (D:5)
  A sky beast (D:6)
  2 black bears
  An ice beast (D:6)
  3 ogres
  A centaur (D:6)
  A phantom (D:4)
  A kobold brigand (D:6)
  Blork the orc (D:5)
  2 scorpions (D:5)
  2 bullfrogs
  A gnoll sergeant (D:7)
  4 wights
  Dowan (D:5)
  3 bombardier beetles
  An orc priest (D:4)
  2 sleepcaps
  A hound (D:6)
  A gnoll bouda (D:6)
  6 iguanas
  3 orc wizards
  9 adders
  12 gnolls
  A shadow imp (D:8)
  2 ribbon worms
  3 dart slugs
  19 orcs
  4 ball pythons
  4 endoplasms
  5 goblins
  5 hobgoblins
  6 jackals (D:4)
  5 quokkas
  4 bats (D:1)
  4 frilled lizards
  11 kobolds
  4 rats
138 creatures vanquished.

Vanquished Creatures (others)
  10 fulminant prisms
10 creatures vanquished.

Grand Total: 148 creatures vanquished

Notes
Turn   | Place    | Note
-------+----------+-------------------------------------------
     0 | D:1      | wilfster70 the Djinni Conjurer began the quest for the Orb.
     0 | D:1      | wilfster70 set off with the following spells memorised:
                  | Magic Dart, Searing Ray, Fulminant Prism, Iskenderun's
                  | Mystic Blast.
     0 | D:1      | Reached XP level 1. HP: 15/15 MP: 0/0
   118 | D:1      | Reached XP level 2. HP: 8/21 MP: 0/0
   405 | D:1      | Found a faded altar of an unknown god.
   573 | D:1      | Reached XP level 3. HP: 21/25 MP: 0/0
   573 | D:1      | Learned a level 1 spell: Kiss of Death
   944 | D:2      | You are sucked into a shaft and drop 2 floors!
   994 | D:4      | Found an iron altar of Okawaru.
  1007 | D:4      | Became a worshipper of Warmaster Okawaru
  1030 | D:4      | Reached XP level 4. HP: 25/31 MP: 0/0
  1358 | D:2      | Reached XP level 5. HP: 32/35 MP: 0/0
  1358 | D:2      | Learned a level 2 spell: Jinxbite
  1365 | D:2      | Reached skill level 5 in Spellcasting
  1365 | D:2      | Reached skill level 5 in Conjurations
  1365 | D:2      | Reached skill level 5 in Hexes
  1365 | D:2      | Reached skill level 5 in Summonings
  1365 | D:2      | Reached skill level 5 in Necromancy
  1365 | D:2      | Reached skill level 5 in Translocations
  1365 | D:2      | Reached skill level 5 in Fire Magic
  1365 | D:2      | Reached skill level 5 in Ice Magic
  1365 | D:2      | Reached skill level 5 in Air Magic
  1365 | D:2      | Reached skill level 5 in Earth Magic
  1365 | D:2      | Reached skill level 5 in Alchemy
  1798 | D:3      | Found a hazy altar of Hepliaklqana.
  2276 | D:4      | Reached XP level 6. HP: 36/40 MP: 0/0
  2573 | D:4      | Reached * piety under Okawaru
  2574 | D:4      | Reached skill level 1 in Invocations
  2817 | D:4      | Reached skill level 2 in Invocations
  3157 | D:4      | Found a shimmering altar of Xom.
  3163 | D:4      | Found a sparkling altar of Nemelex Xobeh.
  3317 | D:5      | Entered Level 5 of the Dungeon
  3365 | D:5      | Noticed a black bear
  3381 | D:5      | Killed a black bear
  3382 | D:5      | Reached skill level 3 in Invocations
  3382 | D:5      | Reached XP level 7. HP: 38/45 MP: 0/0
  3382 | D:5      | Learned a level 2 spell: Static Discharge
  3515 | D:5      | Noticed Blork the orc
  3538 | D:5      | Killed Blork the orc
  3797 | D:5      | Found a shadowy altar of Dithmenos.
  3819 | D:5      | Reached XP level 8. HP: 56/58 MP: 0/0
  3936 | D:5      | Found a sacrificial altar of Ru.
  3971 | D:5      | Found a burning altar of Makhleb.
  4145 | D:5      | Noticed Duvessa
  4161 | D:5      | Noticed Dowan
  4161 | D:5      | Killed Duvessa
  4162 | D:5      | Reached skill level 5 in Fighting
  4174 | D:5      | Killed Dowan
  4443 | D:4      | Found a stormy altar of Qazlal.
  4702 | D:6      | Reached ** piety under Okawaru
  4705 | D:6      | Reached skill level 4 in Invocations
  4754 | D:6      | Reached skill level 5 in Invocations
  4964 | D:6      | Reached XP level 9. HP: 47/66 MP: 0/0
  4964 | D:6      | Learned a level 4 spell: Summon Blazeheart Golem
  5056 | D:6      | Found an ornate altar of the Wu Jian Council.
  5081 | D:6      | Reached skill level 6 in Invocations
  5446 | D:6      | Found a staircase to the Ecumenical Temple.
  5554 | D:6      | Reached skill level 7 in Invocations
  6093 | D:6      | Reached skill level 8 in Invocations
  6135 | D:7      | Reached *** piety under Okawaru
  6756 | D:8      | Noticed a hornet
  6793 | D:8      | Found a basalt altar of Yredelemnul.
  6831 | D:8      | Found a flagged portal.
  6844 | Bailey   | Entered a bailey
  6903 | Bailey   | Shot with a bolt by an orc warrior

Illustrated notes

Levels and vault maps discovered:
D:1:      dpeg_arrival_tiny_g, layout_loops_ring,
          hellmonk_ecumenical_altar_zigzags, minmay_tetromino_i4
D:2:      layout_rooms
D:3:      layout_basic, nzn_hepliaklqana_mist_gate, hex_large
D:4:      layout_loops_ring, mainiacjoe_overflow_tiny_flanked,
          nicolae_overflow_hidden_temple, okawaru_gym_becter, minitemple
D:5:      layout_cave_pods, nicolae_ru_great_annihilating_truth,
          mainiacjoe_overflow_alcove_1, old_standard_altar, uniq_duvessa,
          uniq_blork_the_orc
D:6:      layout_basic, lemuel_doored_altar, minmay_temple_entry_wispy,
          solitary_fountain, minmay_misc_feat_diagonals,
          nicolae_underground_beach
D:7:      layout_basic, nicolae_zig_zag_zippers
D:8:      layout_basic, marbit_many_paths, yredelemnul_altar_generic,
          grunt_temple_overflow_open, lightli_bailey_entry_fortress,
          hangedman_decor_lopped, nzn_random_ring
Bailey:   bailey_polearm_2, bailey

Skill      XL: |  1  2  3  4  5  6  7  8  9 |
---------------+----------------------------+-----
Spellcasting   | 4 5 6 |  6.8
Conjurations   | 4 5 6 |  6.8
Hexes          | 4 5 6 |  6.8
Summonings     | 4 5 6 |  6.8
Necromancy     | 4 5 6 |  6.8
Translocations | 4 5 6 |  6.8
Fire Magic     | 4 5 6 |  6.8
Ice Magic      | 4 5 6 |  6.8
Air Magic      | 4 5 6 |  6.8
Earth Magic    | 4 5 6 |  6.8
Alchemy        | 4 5 6 |  6.8
Invocations    | 3 5 8 |  8.0
Fighting       | 3 6 |  6.0
Dodging        | |  2.1
Stealth        | |  1.5

Action                     |  1- 3 |  4- 6 |  7- 9 || total
---------------------------+-------+-------+-------++-------
  Melee: Mace              |     1 |       |     3 ||     4
         Trident           |       |       |    10 ||    10
   Cast: Magic Dart        |    30 |    30 |    45 ||   105
         Searing Ray       |    10 |    34 |    70 ||   114
         Fulminant Prism   |       |     1 |     9 ||    10
         Iskenderun's Myst |       |       |    25 ||    25
    Use: Scroll            |       |     2 |    10 ||    12
 Armour: Robe              |     8 |    11 |   100 ||   119
  Dodge: Dodged            |    11 |    13 |    84 ||   108

Table legend: (Time is in decaauts)
 A = Elapsed time spent in this place.
 B = Non-inter-level travel time spent in this place.
 C = Inter-level travel time spent in this place.
 D = Time resting spent in this place.
 E = Time spent auto-exploring this place.
 F = Levels seen in this place.
 G = Mean time per level.
                   A        B        C        D        E       F      G
               +--------+--------+--------+--------+--------+-----+--------+
         Total |   6911 |   6558 |    353 |   1250 |   2918 |   9 |  767.9 |
       Dungeon |   6852 |   6499 |    353 |   1246 |   2918 |   8 |  856.5 |
        Bailey |     58 |     58 |      0 |      4 |      0 |   1 |   58.0 |
               +--------+--------+--------+--------+--------+-----+--------+

Top non-repeatable levels by time:
     D:4: 1407 daAuts
     D:6: 1381 daAuts
     D:5: 1151 daAuts
     D:1: 833 daAuts
     D:7: 807 daAuts
     D:3: 791 daAuts
     D:2: 422 daAuts
  Bailey: 58 daAuts
     D:8: 56 daAuts
